[ AOE2 MATCH · #472137482 ]
UnrankedTurks vs Lithuanians
[ REPLAY ANALYSIS · EXTRACTED FROM THE RECORDED GAME ]
Feudal
9:28
Castle
18:32
Imperial
34:16
| APM avg | 31.7 |
| APM peak | 81 |
| eAPM avg | 15.5 |
| Villagers / military | 81 / 67 |
Focus
⚔️ 33.1% · 🌾 66.9%
Camel Scout ×63 · Bombard Cannon ×3 · Spearman ×1
Feudal
9:02
Castle
20:45
Imperial
32:38
| APM avg | 41.8 |
| APM peak | 83 |
| eAPM avg | 18.8 |
| Villagers / military | 66 / 120 |
Focus
⚔️ 31.8% · 🌾 68.2%
Archer ×104 · Skirmisher ×10 · Trebuchet (Packed) ×4 · Monk ×1 · Spearman ×1
Feudal
10:59
Castle
15:24
Imperial
30:40
| APM avg | 54.9 |
| APM peak | 93 |
| eAPM avg | 21.3 |
| Villagers / military | 134 / 67 |
Focus
⚔️ 40.9% · 🌾 59.1%
Knight ×60 · Monk ×4 · Scout Cavalry ×2 · Trebuchet (Packed) ×1
Feudal
11:34
Castle
16:44
Imperial
—
| APM avg | 57.1 |
| APM peak | 92 |
| eAPM avg | 19.0 |
| Villagers / military | 85 / 43 |
Focus
⚔️ 20.0% · 🌾 80.0%
Conquistador ×31 · Archer ×5 · Battering Ram ×4 · Scorpion ×2 · Monk ×1
Feudal
11:29
Castle
18:30
Imperial
36:05
| APM avg | 45.9 |
| APM peak | 75 |
| eAPM avg | 16.0 |
| Villagers / military | 112 / 0 |
Focus
⚔️ 30.6% · 🌾 69.4%
Unknown (1952) ×69
Feudal
11:22
Castle
16:07
Imperial
—
| APM avg | 36.8 |
| APM peak | 73 |
| eAPM avg | 24.2 |
| Villagers / military | 122 / 99 |
Focus
⚔️ 22.8% · 🌾 77.2%
Monaspa ×97 · Monk ×2
Feudal
11:22
Castle
16:09
Imperial
—
| APM avg | 22.4 |
| APM peak | 41 |
| eAPM avg | 13.9 |
| Villagers / military | 96 / 53 |
Focus
⚔️ 37.0% · 🌾 63.0%
Knight ×38 · Scout Cavalry ×15
Feudal
11:02
Castle
19:36
Imperial
—
| APM avg | 29.4 |
| APM peak | 57 |
| eAPM avg | 17.8 |
| Villagers / military | 113 / 36 |
Focus
⚔️ 29.3% · 🌾 70.7%
Archer ×18 · Spearman ×8 · Armored Elephant ×8 · Mangonel ×2
Match map
Initial resources + every placement click. Lines = walls · curves = elevation contours. ◆ gold · ⬟ stone · ● berries · ✦ relic · ◌ wall gap
Your base· ✓ Closed at 18:32 · 7t walls · 1 gate(s)
Anoobis's base· ✓ Closed at 20:45 · 0t walls · 1 gate(s)
Chris's base· ✓ Closed at 15:24 · 17t walls · no gate
pEAK | beiza's base· ✓ Closed at 16:44 · 0t walls · 2 gate(s)
Funkyton's base· ✓ Closed at 18:30 · 19t walls · 1 gate(s)
damiansima's base· ✓ Closed at 16:07 · 3t walls · 1 gate(s)
Mike'dugai's base· ✓ Closed at 16:09 · 19t walls · 1 gate(s)
Madbun's base· ✓ Closed at 19:36 · 27t walls · 1 gate(s)
Smoothed initial terrain · ◌ = detected wall gap · hover for details
Inputs per minute
— Mashan - - Anoobis
Build order — Mashan
First 150 of 255 actions detected
| 0:00 | Queue | Villager (Male) |
| 0:01 | Queue | Villager (Male) |
| 0:02 | Build | House |
| 0:04 | Build | House |
| 0:32 | Queue | Villager (Male) |
| 0:48 | Queue | Villager (Male) |
| 1:36 | Queue | Villager (Male) |
| 1:46 | Build | Lumber Camp |
| 2:01 | Queue | Villager (Male) |
| 2:23 | Queue | Villager (Male) |
| 2:50 | Queue | Villager (Male) |
| 3:17 | Queue | Villager (Male) |
| 3:18 | Queue | Villager (Male) |
| 3:28 | Build | House |
| 4:11 | Queue | Villager (Male) |
| 4:24 | Build | House |
| 4:40 | Queue | Villager (Male) |
| 4:40 | Queue | Villager (Male) |
| 4:41 | Queue | Villager (Male) |
| 4:52 | Build | Mill |
| 5:09 | Build | Palisade Wall |
| 5:12 | Queue | Villager (Male) |
| 6:02 | Queue | Villager (Male) |
| 6:15 | Build | House |
| 6:19 | Build | Palisade Gate |
| 6:28 | Research | Loom |
| 6:39 | Queue | Villager (Male) |
| 7:18 | Research | Feudal Age |
| 7:43 | Build | Barracks |
| 7:59 | Queue | Villager (Male) |
| 8:43 | Queue | Villager (Male) |
| 9:01 | Build | House |
| 9:16 | Queue | Villager (Male) |
| 9:28 | Age | Feudal Age |
| 9:38 | Build | Stable |
| 9:44 | Research | Double-Bit Axe |
| 9:45 | Research | Horse Collar |
| 10:08 | Queue | Villager (Male) |
| 10:39 | Build | Mining Camp |
| 10:40 | Queue | Villager (Male) |
| 10:48 | Build | Farm |
| 10:52 | Build | Farm |
| 11:22 | Queue | Villager (Male) |
| 11:27 | Build | Farm |
| 11:40 | Queue | Villager (Male) |
| 11:45 | Build | Farm |
| 11:47 | Build | Farm |
| 12:22 | Build | Blacksmith |
| 12:38 | Queue | Villager (Male) |
| 12:40 | Build | Farm |
| 12:48 | Queue | Villager (Male) |
| 12:58 | Build | Farm |
| 13:04 | Queue | Villager (Male) |
| 13:15 | Build | Farm |
| 13:33 | Queue | Villager (Male) |
| 13:40 | Build | Farm |
| 13:42 | Build | Farm |
| 13:53 | Build | Farm |
| 14:10 | Queue | Villager (Male) |
| 14:17 | Build | Farm |
| 14:24 | Queue | Villager (Male) |
| 14:44 | Queue | Villager (Male) |
| 15:00 | Build | Farm |
| 15:03 | Build | Farm |
| 15:06 | Build | Farm |
| 15:09 | Build | Farm |
| 15:13 | Build | Farm |
| 15:52 | Research | Castle Age |
| 16:31 | Research | Bloodlines |
| 16:40 | Queue | Spearman |
| 17:03 | Queue | Villager (Male) |
| 17:11 | Build | House |
| 17:12 | Build | House |
| 17:13 | Build | House |
| 17:19 | Research | Scale Barding Armor |
| 17:45 | Queue | Villager (Male) |
| 18:18 | Queue | Villager (Male) |
| 18:32 | Age | Castle Age |
| 18:34 | Build | Town Center |
| 18:35 | Queue | Villager (Male) |
| 18:39 | Research | Bow Saw |
| 18:45 | Build | Stable |
| 18:47 | Research | Gold Mining |
| 18:48 | Queue | Villager (Male) |
| 18:51 | Research | Heavy Plow |
| 18:56 | Queue | Villager (Male) |
| 19:15 | Queue | Camel Scout |
| 19:16 | Queue | Camel Scout |
| 19:32 | Queue | Camel Scout |
| 19:38 | Queue | Villager (Male) |
| 19:53 | Queue | Villager (Male) |
| 19:58 | Build | House |
| 20:03 | Build | House |
| 20:12 | Build | House |
| 20:36 | Queue | Villager (Male) |
| 20:37 | Queue | Villager (Male) |
| 20:48 | Queue | Villager (Male) |
| 20:52 | Queue | Camel Scout |
| 20:53 | Queue | Camel Scout |
| 20:54 | Research | Husbandry |
| 21:05 | Queue | Villager (Male) |
| 21:05 | Queue | Villager (Male) |
| 21:09 | Queue | Villager (Male) |
| 21:13 | Build | Farm |
| 21:15 | Queue | Villager (Male) |
| 21:18 | Queue | Villager (Male) |
| 21:25 | Build | Lumber Camp |
| 21:29 | Queue | Camel Scout |
| 21:30 | Queue | Camel Scout |
| 21:40 | Queue | Camel Scout |
| 21:41 | Queue | Villager (Male) |
| 21:45 | Queue | Villager (Male) |
| 21:57 | Queue | Camel Scout |
| 22:16 | Queue | Camel Scout |
| 22:20 | Queue | Villager (Male) |
| 22:22 | Build | House |
| 22:23 | Build | House |
| 22:24 | Build | House |
| 22:30 | Queue | Camel Scout |
| 22:38 | Build | House |
| 22:39 | Build | House |
| 22:40 | Build | House |
| 22:51 | Research | Wheelbarrow |
| 22:52 | Queue | Villager (Male) |
| 23:04 | Queue | Camel Scout |
| 23:15 | Queue | Villager (Male) |
| 23:20 | Build | Farm |
| 23:24 | Queue | Villager (Male) |
| 23:32 | Build | Farm |
| 23:32 | Build | Farm |
| 23:32 | Build | Farm |
| 23:32 | Build | Farm |
| 23:45 | Research | Chain Barding Armor |
| 23:52 | Queue | Camel Scout |
| 24:11 | Queue | Villager (Male) |
| 24:12 | Queue | Villager (Male) |
| 24:25 | Queue | Villager (Male) |
| 24:27 | Queue | Villager (Male) |
| 24:36 | Queue | Villager (Male) |
| 24:43 | Build | Mill |
| 24:43 | Build | Farm |
| 24:43 | Build | Farm |
| 24:44 | Build | Farm |
| 24:44 | Build | Farm |
| 24:45 | Build | Farm |
| 24:45 | Build | Farm |
| 24:58 | Queue | Villager (Male) |
| 25:01 | Build | Farm |
| 25:04 | Build | Farm |
| 25:07 | Build | Farm |
Build order — Anoobis
First 150 of 221 actions detected
| 0:01 | Queue | Villager (Male) |
| 0:02 | Queue | Villager (Male) |
| 0:02 | Build | House |
| 0:04 | Build | House |
| 0:25 | Queue | Villager (Male) ×2 |
| 1:25 | Queue | Villager (Male) |
| 1:45 | Build | Lumber Camp |
| 2:00 | Queue | Villager (Male) |
| 2:21 | Queue | Villager (Male) |
| 2:46 | Queue | Villager (Male) |
| 2:46 | Queue | Villager (Male) |
| 3:13 | Queue | Villager (Male) |
| 3:26 | Build | House |
| 3:46 | Queue | Villager (Male) |
| 4:14 | Build | House |
| 4:23 | Queue | Villager (Male) |
| 4:24 | Queue | Villager (Male) |
| 4:26 | Queue | Villager (Male) |
| 4:26 | Queue | Villager (Male) |
| 4:47 | Build | Mill |
| 5:05 | Queue | Villager (Male) |
| 5:15 | Queue | Villager (Male) |
| 5:46 | Queue | Villager (Male) |
| 6:54 | Queue | Villager (Male) |
| 6:54 | Research | Loom |
| 7:25 | Research | Feudal Age |
| 7:33 | Build | Mining Camp |
| 7:54 | Build | Barracks |
| 8:03 | Build | Mining Camp |
| 9:02 | Age | Feudal Age |
| 9:07 | Queue | Villager (Male) |
| 9:07 | Queue | Villager (Male) |
| 9:15 | Build | Archery Range |
| 9:20 | Build | House |
| 9:35 | Queue | Villager (Male) |
| 10:12 | Queue | Archer |
| 10:12 | Queue | Archer |
| 10:27 | Build | Archery Range |
| 10:31 | Queue | Villager (Male) |
| 10:32 | Queue | Villager (Male) |
| 10:36 | Build | House |
| 10:59 | Research | Double-Bit Axe |
| 11:03 | Queue | Archer |
| 11:22 | Queue | Villager (Male) |
| 11:30 | Build | Blacksmith |
| 11:35 | Queue | Archer |
| 11:52 | Queue | Spearman |
| 11:54 | Queue | Villager (Male) |
| 12:13 | Queue | Villager (Male) |
| 12:32 | Queue | Archer |
| 12:33 | Queue | Archer |
| 12:34 | Queue | Villager (Male) |
| 12:38 | Research | Fletching |
| 12:42 | Build | Farm |
| 12:47 | Queue | Archer |
| 12:48 | Queue | Villager (Male) |
| 13:21 | Build | House |
| 13:23 | Build | House |
| 13:25 | Build | House |
| 14:10 | Queue | Villager (Male) |
| 14:13 | Build | House |
| 14:18 | Research | Horse Collar |
| 14:18 | Research | Horse Collar |
| 14:20 | Build | Farm |
| 14:21 | Build | Farm |
| 14:21 | Build | Farm |
| 14:21 | Build | Farm |
| 14:28 | Build | Farm |
| 14:39 | Queue | Villager (Male) |
| 14:39 | Queue | Villager (Male) |
| 15:09 | Queue | Archer |
| 15:09 | Queue | Archer |
| 15:09 | Queue | Archer |
| 15:11 | Queue | Villager (Male) |
| 15:13 | Build | Farm |
| 15:16 | Build | Farm |
| 15:27 | Build | Gate |
| 15:33 | Queue | Villager (Male) |
| 15:55 | Queue | Villager (Male) |
| 15:58 | Queue | Archer |
| 15:59 | Queue | Archer |
| 16:35 | Queue | Archer |
| 16:35 | Queue | Archer |
| 16:36 | Queue | Villager (Male) |
| 16:48 | Build | Farm |
| 16:48 | Build | Farm |
| 16:48 | Build | Farm |
| 16:58 | Queue | Archer |
| 17:19 | Research | Wheelbarrow |
| 17:23 | Build | Farm |
| 18:18 | Build | Market |
| 18:32 | Queue | Archer |
| 18:32 | Queue | Archer |
| 18:39 | Build | House |
| 18:54 | Queue | Villager (Male) |
| 19:09 | Research | Castle Age |
| 19:14 | Build | Lumber Camp |
| 19:28 | Research | Gold Mining |
| 19:28 | Research | Gold Mining |
| 19:40 | Build | House |
| 20:28 | Build | Lumber Camp |
| 20:45 | Age | Castle Age |
| 20:46 | Queue | Villager (Male) |
| 20:47 | Queue | Villager (Male) |
| 20:48 | Research | Elite Skirmisher (upgrade) |
| 20:51 | Research | Crossbowman (upgrade) |
| 20:57 | Research | Bodkin Arrow |
| 21:13 | Research | Heavy Plow |
| 21:14 | Research | Heavy Plow |
| 21:16 | Queue | Archer ×5 |
| 21:43 | Queue | Archer |
| 21:59 | Queue | Villager (Male) ×3 |
| 22:19 | Queue | Archer ×5 |
| 22:25 | Build | Archery Range |
| 22:46 | Queue | Archer |
| 22:52 | Queue | Villager (Male) |
| 22:53 | Queue | Villager (Male) |
| 22:55 | Build | Town Center |
| 22:59 | Build | Mining Camp |
| 23:22 | Build | University |
| 23:31 | Queue | Archer |
| 23:32 | Queue | Archer |
| 23:32 | Queue | Archer |
| 23:42 | Queue | Archer |
| 23:42 | Queue | Archer |
| 23:46 | Queue | Villager (Male) |
| 23:56 | Build | Mining Camp |
| 24:04 | Build | House |
| 24:08 | Build | Mining Camp |
| 24:11 | Queue | Archer |
| 24:12 | Queue | Archer |
| 24:46 | Research | Ballistics |
| 24:47 | Queue | Villager (Male) ×5 |
| 24:48 | Queue | Villager (Male) ×4 |
| 24:57 | Build | Farm |
| 24:58 | Build | Farm |
| 24:58 | Build | Farm |
| 24:58 | Build | Farm |
| 25:13 | Queue | Archer ×2 |
| 25:14 | Queue | Archer ×2 |
| 25:19 | Build | House |
| 25:19 | Build | House |
| 25:20 | Build | House |
| 25:31 | Queue | Archer |
| 25:40 | Queue | Archer |
| 25:46 | Research | Gold Shaft Mining |
| 26:01 | Queue | Archer |
| 26:07 | Queue | Villager (Male) |
| 26:07 | Queue | Villager (Male) |
| 26:21 | Build | Monastery |
Build order — Chris
First 150 of 321 actions detected
| 0:00 | Queue | Villager (Male) |
| 0:01 | Queue | Villager (Male) |
| 0:02 | Build | House |
| 0:04 | Build | House |
| 0:13 | Queue | Villager (Male) |
| 0:15 | Queue | Villager (Male) |
| 0:18 | Queue | Villager (Male) |
| 0:18 | Queue | Villager (Male) |
| 1:23 | Queue | Villager (Male) |
| 1:24 | Queue | Villager (Male) |
| 1:48 | Build | Lumber Camp |
| 2:16 | Queue | Villager (Male) |
| 2:16 | Queue | Villager (Male) |
| 2:35 | Queue | Villager (Male) |
| 2:36 | Queue | Villager (Male) |
| 3:37 | Queue | Villager (Male) |
| 3:37 | Queue | Villager (Male) |
| 3:38 | Queue | Villager (Male) |
| 4:01 | Build | House |
| 4:11 | Build | Mill |
| 4:49 | Queue | Villager (Male) |
| 5:02 | Build | House |
| 5:18 | Queue | Villager (Male) |
| 5:51 | Queue | Villager (Male) |
| 5:52 | Queue | Villager (Male) |
| 6:05 | Queue | Villager (Male) |
| 6:19 | Queue | Villager (Male) |
| 6:38 | Queue | Villager (Male) |
| 6:48 | Build | Palisade Wall |
| 6:54 | Build | Lumber Camp |
| 7:52 | Queue | Villager (Male) |
| 8:24 | Queue | Villager (Male) |
| 8:29 | Build | Mining Camp |
| 8:34 | Build | Barracks |
| 8:46 | Research | Feudal Age |
| 8:46 | Research | Feudal Age |
| 9:16 | Build | House |
| 10:35 | Queue | Villager (Male) |
| 10:35 | Queue | Villager (Male) |
| 10:59 | Age | Feudal Age |
| 11:08 | Build | Stable |
| 11:11 | Queue | Villager (Male) |
| 11:12 | Build | Blacksmith |
| 11:50 | Build | House |
| 11:54 | Build | House |
| 12:08 | Research | Loom |
| 12:15 | Build | House |
| 12:26 | Build | Farm |
| 12:26 | Build | Farm |
| 12:44 | Research | Castle Age |
| 12:45 | Research | Castle Age |
| 13:12 | Build | Farm |
| 13:15 | Build | Farm |
| 13:16 | Build | Farm |
| 13:22 | Build | Farm |
| 13:23 | Build | Farm |
| 13:34 | Build | Palisade Wall |
| 13:37 | Queue | Scout Cavalry |
| 13:57 | Research | Double-Bit Axe |
| 14:01 | Research | Horse Collar |
| 14:51 | Research | Bloodlines |
| 15:00 | Queue | Villager (Male) |
| 15:24 | Age | Castle Age |
| 15:24 | Queue | Villager (Male) |
| 15:31 | Build | Town Center |
| 15:38 | Queue | Knight |
| 15:41 | Queue | Villager (Male) |
| 16:11 | Build | Palisade Gate |
| 16:15 | Queue | Villager (Male) |
| 16:16 | Queue | Knight |
| 16:29 | Queue | Villager (Male) |
| 16:31 | Build | Farm |
| 16:51 | Queue | Villager (Male) |
| 17:17 | Build | Town Center |
| 17:19 | Queue | Villager (Male) |
| 17:23 | Queue | Knight |
| 17:25 | Queue | Villager (Male) |
| 17:27 | Build | Farm |
| 17:30 | Build | Farm |
| 17:32 | Queue | Villager (Male) |
| 17:32 | Queue | Villager (Male) |
| 17:49 | Queue | Villager (Male) |
| 18:05 | Build | Mining Camp |
| 18:14 | Queue | Knight |
| 18:14 | Queue | Knight |
| 18:20 | Queue | Villager (Male) |
| 18:25 | Build | Farm |
| 18:40 | Queue | Villager (Male) |
| 18:45 | Queue | Villager (Male) |
| 18:47 | Build | Farm |
| 18:50 | Build | Farm |
| 18:51 | Build | Farm |
| 18:54 | Queue | Knight |
| 18:54 | Queue | Knight |
| 19:04 | Research | Scale Barding Armor |
| 19:10 | Queue | Villager (Male) |
| 19:10 | Queue | Villager (Male) |
| 19:10 | Queue | Villager (Male) |
| 19:23 | Queue | Villager (Male) |
| 19:26 | Build | Farm |
| 19:29 | Build | Farm |
| 19:30 | Queue | Knight |
| 19:31 | Queue | Knight |
| 19:34 | Queue | Villager (Male) |
| 19:38 | Build | Farm |
| 19:44 | Queue | Villager (Male) |
| 19:50 | Queue | Villager (Male) |
| 20:08 | Queue | Villager (Male) |
| 20:09 | Queue | Villager (Male) |
| 20:21 | Queue | Knight |
| 20:21 | Queue | Knight |
| 20:27 | Build | Monastery |
| 20:39 | Queue | Villager (Male) |
| 20:40 | Queue | Villager (Male) |
| 20:45 | Build | Farm |
| 20:46 | Build | Farm |
| 20:51 | Queue | Villager (Male) |
| 20:51 | Queue | Villager (Male) |
| 20:53 | Build | Farm |
| 20:54 | Build | Farm |
| 20:59 | Build | Outpost |
| 21:00 | Build | Outpost |
| 21:03 | Research | Town Watch |
| 21:07 | Build | House |
| 21:13 | Queue | Villager (Male) |
| 21:16 | Queue | Monk |
| 21:19 | Build | House |
| 21:20 | Build | House |
| 21:21 | Queue | Villager (Male) |
| 21:21 | Queue | Villager (Male) |
| 21:22 | Queue | Villager (Male) |
| 21:27 | Research | Wheelbarrow |
| 21:39 | Queue | Villager (Male) |
| 21:45 | Queue | Villager (Male) |
| 21:48 | Build | Farm |
| 21:50 | Build | Farm |
| 21:51 | Queue | Villager (Male) |
| 21:59 | Build | Outpost |
| 22:10 | Build | Farm |
| 22:24 | Queue | Villager (Male) |
| 22:36 | Build | Farm |
| 22:46 | Build | House |
| 22:48 | Build | Farm |
| 22:51 | Queue | Villager (Male) |
| 23:02 | Build | Farm |
| 23:03 | Build | Farm |
| 23:04 | Build | Farm |
| 23:06 | Build | Farm |
| 23:19 | Queue | Monk |
| 23:31 | Queue | Villager (Male) |
Build order — pEAK | beiza
First 150 of 240 actions detected
| 0:02 | Build | House |
| 0:04 | Build | House |
| 0:14 | Queue | Villager (Male) |
| 0:14 | Queue | Villager (Male) |
| 0:15 | Queue | Villager (Male) |
| 0:15 | Queue | Villager (Male) |
| 1:26 | Research | Loom |
| 1:27 | Queue | Villager (Male) |
| 1:30 | Queue | Villager (Male) |
| 1:56 | Queue | Villager (Male) |
| 2:35 | Queue | Villager (Male) |
| 3:16 | Build | House |
| 3:31 | Queue | Villager (Male) |
| 3:49 | Queue | Villager (Male) |
| 3:59 | Build | House |
| 4:07 | Queue | Villager (Male) |
| 4:20 | Queue | Villager (Male) |
| 4:50 | Build | Lumber Camp |
| 5:00 | Queue | Villager (Male) |
| 5:26 | Queue | Villager (Male) |
| 5:50 | Queue | Villager (Male) |
| 6:11 | Queue | Villager (Male) |
| 6:24 | Queue | Villager (Male) |
| 6:28 | Build | Mill |
| 6:48 | Queue | Villager (Male) |
| 7:03 | Queue | Villager (Male) |
| 7:15 | Queue | Villager (Male) |
| 8:15 | Queue | Villager (Male) |
| 8:46 | Queue | Villager (Male) |
| 8:47 | Research | Feudal Age |
| 9:35 | Build | Palisade Gate |
| 10:10 | Build | Mining Camp |
| 10:27 | Build | House |
| 10:38 | Queue | Villager (Male) |
| 10:46 | Queue | Villager (Male) |
| 11:23 | Build | Barracks |
| 11:34 | Age | Feudal Age |
| 11:38 | Queue | Villager (Male) |
| 12:07 | Build | Blacksmith |
| 12:13 | Build | Archery Range |
| 12:22 | Queue | Villager (Male) |
| 12:32 | Build | Farm |
| 12:47 | Build | House |
| 12:51 | Build | Farm |
| 13:08 | Queue | Villager (Male) |
| 13:10 | Build | Farm |
| 13:18 | Build | Farm |
| 14:04 | Research | Castle Age |
| 14:05 | Queue | Archer |
| 14:24 | Build | Gate |
| 14:31 | Research | Double-Bit Axe |
| 14:54 | Build | Mining Camp |
| 14:55 | Queue | Archer |
| 15:03 | Research | Horse Collar |
| 15:14 | Queue | Archer |
| 15:19 | Build | House |
| 15:43 | Queue | Archer |
| 15:48 | Research | Stone Mining |
| 16:06 | Queue | Villager (Male) |
| 16:15 | Queue | Archer |
| 16:44 | Age | Castle Age |
| 17:04 | Queue | Villager (Male) |
| 17:21 | Build | Farm |
| 17:23 | Queue | Villager (Male) |
| 17:30 | Build | Farm |
| 17:44 | Build | Farm |
| 17:46 | Queue | Villager (Male) |
| 18:02 | Queue | Villager (Male) |
| 18:03 | Build | Farm |
| 18:20 | Build | House |
| 18:34 | Queue | Villager (Male) |
| 18:36 | Build | Farm |
| 18:47 | Build | House |
| 19:08 | Build | Farm |
| 19:10 | Queue | Villager (Male) |
| 19:13 | Build | House |
| 19:36 | Build | Farm |
| 19:38 | Queue | Villager (Male) |
| 20:11 | Build | Farm |
| 20:12 | Build | Farm |
| 20:13 | Queue | Villager (Male) |
| 20:13 | Queue | Villager (Male) |
| 20:28 | Build | House |
| 20:39 | Build | Castle |
| 20:44 | Build | Farm |
| 20:48 | Queue | Villager (Male) |
| 21:05 | Research | Heavy Plow |
| 21:12 | Build | Farm |
| 21:16 | Queue | Villager (Male) |
| 21:36 | Research | Bow Saw |
| 21:39 | Queue | Villager (Male) |
| 21:44 | Queue | Conquistador |
| 21:46 | Queue | Conquistador |
| 21:47 | Queue | Conquistador |
| 22:04 | Build | Monastery |
| 22:07 | Queue | Villager (Male) |
| 22:09 | Build | Farm |
| 22:10 | Queue | Villager (Male) |
| 22:13 | Queue | Villager (Male) |
| 22:23 | Build | Town Center |
| 22:33 | Research | Fletching |
| 22:44 | Queue | Monk |
| 23:09 | Research | Town Watch |
| 23:13 | Build | Farm |
| 23:28 | Queue | Villager (Male) |
| 23:30 | Queue | Conquistador |
| 23:37 | Build | Farm |
| 24:10 | Queue | Villager (Male) |
| 24:10 | Queue | Villager (Male) |
| 24:11 | Queue | Villager (Male) |
| 24:11 | Queue | Villager (Male) |
| 24:19 | Build | Town Center |
| 24:22 | Queue | Conquistador |
| 24:30 | Research | Bodkin Arrow |
| 24:32 | Queue | Conquistador |
| 24:58 | Build | Farm |
| 25:00 | Build | Farm |
| 25:01 | Queue | Villager (Male) |
| 25:01 | Queue | Villager (Male) |
| 25:02 | Queue | Villager (Male) |
| 25:21 | Queue | Villager (Male) |
| 25:29 | Build | Siege Workshop |
| 25:35 | Build | Farm |
| 25:38 | Queue | Villager (Male) |
| 25:39 | Queue | Villager (Male) |
| 25:40 | Queue | Villager (Male) |
| 25:41 | Queue | Villager (Male) |
| 26:09 | Queue | Conquistador |
| 26:12 | Research | Padded Archer Armor |
| 26:16 | Build | Farm |
| 26:17 | Build | Farm |
| 26:21 | Queue | Conquistador |
| 26:23 | Queue | Villager (Male) |
| 26:27 | Build | Farm |
| 26:27 | Build | Farm |
| 26:27 | Build | Farm |
| 26:28 | Queue | Villager (Male) |
| 26:36 | Build | Farm |
| 26:39 | Queue | Villager (Male) |
| 26:43 | Build | Farm |
| 26:44 | Build | Farm |
| 26:49 | Queue | Scorpion |
| 26:52 | Build | House |
| 26:52 | Build | House |
| 27:00 | Queue | Conquistador |
| 27:02 | Research | Scale Mail Armor |
| 27:15 | Build | Farm |
| 27:16 | Queue | Villager (Male) |
| 27:17 | Queue | Villager (Male) |
| 27:22 | Build | Farm |
Build order — Funkyton
First 150 of 291 actions detected
| 0:01 | Queue | Villager (Male) |
| 0:01 | Queue | Villager (Male) |
| 0:02 | Queue | Villager (Male) |
| 0:02 | Build | House |
| 0:04 | Build | House |
| 0:33 | Queue | Villager (Male) |
| 1:23 | Queue | Villager (Male) |
| 1:46 | Build | Lumber Camp |
| 2:03 | Queue | Villager (Male) |
| 2:03 | Queue | Villager (Male) |
| 2:28 | Build | House |
| 2:32 | Queue | Villager (Male) |
| 2:32 | Queue | Villager (Male) |
| 2:56 | Queue | Villager (Male) |
| 2:56 | Queue | Villager (Male) |
| 3:06 | Build | House |
| 3:36 | Queue | Villager (Male) |
| 3:47 | Build | Palisade Wall |
| 3:56 | Queue | Villager (Male) |
| 3:56 | Queue | Villager (Male) |
| 4:27 | Queue | Villager (Male) |
| 4:27 | Queue | Villager (Male) |
| 4:40 | Build | Palisade Wall |
| 5:24 | Build | Mill |
| 5:29 | Queue | Villager (Male) |
| 5:29 | Queue | Villager (Male) |
| 5:47 | Queue | Villager (Male) |
| 5:56 | Build | Palisade Wall |
| 6:23 | Queue | Villager (Male) |
| 7:02 | Queue | Villager (Male) |
| 7:29 | Queue | Villager (Male) |
| 7:44 | Build | Palisade Gate |
| 7:53 | Build | House |
| 8:02 | Build | House |
| 8:04 | Queue | Villager (Male) |
| 8:27 | Queue | Villager (Male) |
| 8:45 | Queue | Villager (Male) |
| 8:46 | Research | Feudal Age |
| 8:56 | Build | Mining Camp |
| 9:10 | Build | Palisade Wall |
| 9:12 | Build | Palisade Wall |
| 9:21 | Build | Palisade Wall |
| 10:00 | Build | Palisade Wall |
| 10:34 | Queue | Villager (Male) |
| 10:35 | Queue | Villager (Male) |
| 10:51 | Build | Farm |
| 10:54 | Build | Farm |
| 11:29 | Age | Feudal Age |
| 11:33 | Build | Market |
| 11:36 | Build | Blacksmith |
| 12:09 | Build | Watch Tower |
| 12:13 | Queue | Villager (Male) |
| 12:43 | Build | Farm |
| 12:50 | Queue | Villager (Male) |
| 12:52 | Research | Double-Bit Axe |
| 13:05 | Build | House |
| 13:17 | Queue | Villager (Male) |
| 13:21 | Build | House |
| 13:26 | Research | Horse Collar |
| 13:30 | Build | Farm |
| 13:41 | Build | Farm |
| 13:43 | Queue | Villager (Male) |
| 13:51 | Build | Farm |
| 13:58 | Queue | Villager (Male) |
| 14:01 | Build | House |
| 14:07 | Build | House |
| 14:15 | Build | Farm |
| 14:29 | Build | Farm |
| 14:31 | Queue | Villager (Male) |
| 14:33 | Build | Farm |
| 14:37 | Build | Farm |
| 14:43 | Build | Farm |
| 14:56 | Queue | Villager (Male) |
| 15:13 | Build | Barracks |
| 15:19 | Queue | Villager (Male) |
| 15:27 | Build | Farm |
| 15:33 | Build | Farm |
| 15:50 | Research | Castle Age |
| 16:11 | Build | Archery Range |
| 16:21 | Research | Gold Mining |
| 16:42 | Research | Loom |
| 16:58 | Research | Fletching |
| 17:18 | Build | Archery Range |
| 17:26 | Research | Stone Mining |
| 17:33 | Queue | Villager (Male) |
| 18:04 | Build | Stable |
| 18:23 | Research | Loom |
| 18:30 | Age | Castle Age |
| 18:32 | Queue | Unit 1952 |
| 18:32 | Queue | Unit 1952 |
| 18:35 | Research | Bodkin Arrow |
| 18:42 | Queue | Villager (Male) |
| 18:51 | Queue | Unit 1952 |
| 18:53 | Queue | Unit 1952 |
| 19:10 | Research | Bloodlines |
| 19:23 | Queue | Villager (Male) |
| 19:25 | Queue | Unit 1952 |
| 19:25 | Queue | Unit 1952 |
| 19:28 | Queue | Villager (Male) |
| 19:48 | Queue | Villager (Male) |
| 19:50 | Queue | Unit 1952 |
| 19:50 | Queue | Unit 1952 |
| 19:52 | Queue | Villager (Male) |
| 20:14 | Research | Husbandry |
| 20:16 | Queue | Villager (Male) |
| 20:19 | Queue | Unit 1952 |
| 20:19 | Queue | Unit 1952 |
| 21:04 | Queue | Unit 1952 |
| 21:04 | Queue | Unit 1952 |
| 21:05 | Queue | Villager (Male) |
| 21:05 | Queue | Villager (Male) |
| 21:14 | Research | Thumb Ring |
| 21:23 | Queue | Unit 1952 |
| 21:25 | Queue | Villager (Male) |
| 21:36 | Queue | Villager (Male) |
| 21:50 | Build | Town Center |
| 22:01 | Queue | Unit 1952 |
| 22:01 | Queue | Unit 1952 |
| 22:02 | Queue | Unit 1952 |
| 22:17 | Queue | Unit 1952 |
| 22:17 | Queue | Unit 1952 |
| 22:19 | Queue | Villager (Male) |
| 22:27 | Queue | Villager (Male) |
| 22:27 | Queue | Villager (Male) |
| 22:38 | Queue | Unit 1952 |
| 22:38 | Queue | Unit 1952 |
| 22:40 | Queue | Villager (Male) |
| 22:40 | Queue | Villager (Male) |
| 22:57 | Build | University |
| 23:08 | Queue | Unit 1952 |
| 23:08 | Queue | Unit 1952 |
| 23:10 | Queue | Villager (Male) |
| 23:10 | Queue | Villager (Male) |
| 23:14 | Build | House |
| 23:15 | Build | House |
| 23:26 | Queue | Villager (Male) |
| 23:26 | Queue | Villager (Male) |
| 23:27 | Queue | Villager (Male) |
| 23:32 | Queue | Unit 1952 |
| 23:33 | Queue | Unit 1952 |
| 23:47 | Build | Lumber Camp |
| 23:51 | Build | Lumber Camp |
| 23:58 | Queue | Villager (Male) |
| 23:59 | Queue | Villager (Male) |
| 24:30 | Queue | Unit 1952 |
| 24:31 | Queue | Unit 1952 |
| 24:41 | Queue | Villager (Male) |
| 24:41 | Queue | Villager (Male) |
| 24:49 | Build | Mining Camp |
| 25:00 | Queue | Unit 1952 |
Build order — damiansima
First 150 of 297 actions detected
| 0:01 | Queue | Villager (Male) |
| 0:01 | Queue | Villager (Male) |
| 0:02 | Queue | Villager (Male) |
| 0:03 | Build | House |
| 0:06 | Build | House |
| 0:17 | Queue | Villager (Male) |
| 0:17 | Queue | Villager (Male) |
| 1:33 | Queue | Villager (Male) |
| 1:33 | Queue | Villager (Male) |
| 2:06 | Queue | Villager (Male) |
| 2:07 | Queue | Villager (Male) |
| 2:21 | Queue | Villager (Male) |
| 2:21 | Queue | Villager (Male) |
| 2:52 | Queue | Villager (Male) |
| 2:52 | Queue | Villager (Male) |
| 3:03 | Build | House |
| 3:05 | Build | House |
| 3:09 | Queue | Villager (Male) |
| 3:09 | Queue | Villager (Male) |
| 3:26 | Build | Mill |
| 3:34 | Queue | Villager (Male) |
| 3:34 | Queue | Villager (Male) |
| 3:34 | Queue | Villager (Male) |
| 3:48 | Build | Palisade Wall |
| 3:56 | Queue | Villager (Male) |
| 4:23 | Build | Palisade Gate |
| 4:27 | Build | House |
| 4:30 | Build | Palisade Wall |
| 4:35 | Queue | Villager (Male) |
| 4:36 | Queue | Villager (Male) |
| 4:36 | Queue | Villager (Male) |
| 4:48 | Queue | Villager (Male) |
| 4:48 | Queue | Villager (Male) |
| 5:10 | Queue | Villager (Male) |
| 5:10 | Queue | Villager (Male) |
| 5:34 | Queue | Villager (Male) |
| 5:34 | Queue | Villager (Male) |
| 5:35 | Queue | Villager (Male) |
| 5:56 | Queue | Villager (Male) |
| 6:07 | Queue | Villager (Male) |
| 6:08 | Queue | Villager (Male) |
| 6:55 | Build | Mule Cart |
| 7:06 | Queue | Villager (Male) |
| 7:06 | Queue | Villager (Male) |
| 7:08 | Queue | Villager (Male) |
| 7:13 | Queue | Villager (Male) |
| 7:34 | Queue | Villager (Male) |
| 7:50 | Build | House |
| 8:13 | Build | House |
| 8:41 | Queue | Villager (Male) |
| 8:53 | Build | Mule Cart |
| 9:06 | Research | Feudal Age |
| 9:23 | Build | Farm |
| 9:26 | Build | Farm |
| 10:03 | Build | House |
| 10:27 | Research | Loom |
| 10:41 | Queue | Villager (Male) |
| 10:41 | Queue | Villager (Male) |
| 11:22 | Age | Feudal Age |
| 11:29 | Queue | Villager (Male) |
| 11:37 | Build | Blacksmith |
| 11:42 | Build | Blacksmith |
| 11:53 | Queue | Villager (Male) |
| 12:04 | Build | Market |
| 12:08 | Build | House |
| 12:55 | Build | House |
| 13:15 | Research | Castle Age |
| 13:21 | Research | Double-Bit Axe |
| 13:30 | Build | Mule Cart |
| 14:25 | Research | Horse Collar |
| 14:29 | Research | Gold Mining |
| 14:32 | Build | Farm |
| 16:07 | Age | Castle Age |
| 16:10 | Queue | Villager (Male) |
| 16:11 | Queue | Villager (Male) |
| 16:11 | Queue | Villager (Male) |
| 16:11 | Queue | Villager (Male) |
| 16:24 | Build | Castle |
| 16:40 | Research | Bow Saw |
| 17:13 | Queue | Villager (Male) |
| 17:14 | Queue | Villager (Male) |
| 17:15 | Build | Farm |
| 17:16 | Build | Farm |
| 17:36 | Queue | Villager (Male) |
| 17:37 | Queue | Villager (Male) |
| 17:37 | Queue | Villager (Male) |
| 17:55 | Build | Town Center |
| 18:07 | Build | House |
| 18:08 | Build | House |
| 18:12 | Queue | Monaspa |
| 18:12 | Queue | Monaspa |
| 18:22 | Queue | Monaspa |
| 18:26 | Build | Farm |
| 18:27 | Build | Farm |
| 18:27 | Build | Farm |
| 18:29 | Queue | Villager (Male) |
| 18:42 | Build | Farm |
| 18:49 | Queue | Monaspa |
| 19:09 | Queue | Monaspa |
| 19:19 | Build | House |
| 20:01 | Queue | Monaspa |
| 20:28 | Queue | Monaspa |
| 20:45 | Build | Mule Cart |
| 20:47 | Build | Farm |
| 20:48 | Build | Farm |
| 20:49 | Build | Farm |
| 20:51 | Build | Farm |
| 20:52 | Queue | Villager (Male) |
| 20:52 | Queue | Villager (Male) |
| 20:52 | Queue | Villager (Male) |
| 20:57 | Queue | Villager (Male) |
| 20:58 | Queue | Villager (Male) |
| 20:58 | Queue | Villager (Male) |
| 21:06 | Queue | Villager (Male) |
| 21:08 | Build | Farm |
| 21:08 | Build | Farm |
| 21:33 | Queue | Monaspa |
| 21:37 | Build | Farm |
| 21:44 | Build | Farm |
| 21:46 | Build | Farm |
| 21:53 | Queue | Villager (Male) |
| 21:53 | Queue | Villager (Male) |
| 21:54 | Queue | Villager (Male) |
| 21:54 | Queue | Villager (Male) |
| 21:54 | Queue | Villager (Male) |
| 22:08 | Queue | Monaspa |
| 22:19 | Build | Farm |
| 22:20 | Build | Farm |
| 22:24 | Queue | Villager (Male) |
| 22:31 | Queue | Villager (Male) |
| 22:31 | Queue | Villager (Male) |
| 22:43 | Build | Town Center |
| 22:47 | Queue | Villager (Male) |
| 22:48 | Queue | Villager (Male) |
| 22:53 | Build | Farm |
| 22:54 | Build | Farm |
| 22:55 | Build | Farm |
| 23:01 | Build | Farm |
| 23:04 | Queue | Villager (Male) |
| 23:04 | Queue | Villager (Male) |
| 23:08 | Queue | Monaspa |
| 23:22 | Queue | Villager (Male) |
| 23:30 | Queue | Villager (Male) |
| 23:31 | Queue | Villager (Male) |
| 23:31 | Queue | Villager (Male) |
| 23:32 | Build | Farm |
| 23:33 | Build | Farm |
| 23:34 | Build | Farm |
| 23:40 | Queue | Monaspa |
| 23:41 | Queue | Villager (Male) |
Build order — Mike'dugai
First 150 of 232 actions detected
| 0:02 | Queue | Villager (Male) ×4 |
| 0:05 | Build | House |
| 0:07 | Build | House |
| 1:15 | Queue | Villager (Male) |
| 1:15 | Queue | Villager (Male) |
| 1:46 | Build | Lumber Camp |
| 2:01 | Queue | Villager (Male) |
| 2:02 | Queue | Villager (Male) |
| 2:18 | Queue | Villager (Male) |
| 3:02 | Queue | Villager (Male) |
| 3:43 | Queue | Villager (Male) |
| 3:43 | Queue | Villager (Male) |
| 3:47 | Build | House |
| 3:48 | Build | House |
| 4:05 | Queue | Villager (Male) |
| 4:06 | Queue | Villager (Male) |
| 4:27 | Queue | Villager (Male) |
| 4:27 | Queue | Villager (Male) |
| 4:27 | Queue | Villager (Male) |
| 4:45 | Build | Palisade Wall |
| 5:02 | Queue | Villager (Male) |
| 5:30 | Build | Palisade Wall |
| 5:36 | Queue | Villager (Male) |
| 5:52 | Build | Mill |
| 5:54 | Queue | Villager (Male) ×2 |
| 6:12 | Build | Palisade Gate |
| 6:38 | Queue | Villager (Male) ×3 |
| 7:09 | Queue | Villager (Male) |
| 7:39 | Build | House |
| 7:40 | Build | House |
| 8:10 | Queue | Villager (Male) |
| 8:22 | Build | Mining Camp |
| 8:29 | Build | Palisade Wall |
| 8:30 | Build | Palisade Wall |
| 8:31 | Build | Palisade Wall |
| 9:12 | Research | Feudal Age |
| 9:14 | Queue | Villager (Male) |
| 9:15 | Queue | Villager (Male) |
| 9:17 | Build | Farm |
| 9:20 | Build | Farm |
| 9:23 | Build | Farm |
| 10:38 | Queue | Villager (Male) |
| 10:45 | Research | Loom |
| 10:56 | Build | Farm |
| 11:22 | Age | Feudal Age |
| 11:29 | Build | Farm |
| 11:33 | Build | Farm |
| 11:41 | Build | Market |
| 11:45 | Queue | Villager (Male) |
| 12:02 | Build | Blacksmith |
| 12:07 | Build | Blacksmith |
| 12:52 | Queue | Villager (Male) |
| 13:01 | Build | Farm |
| 13:04 | Build | Farm |
| 13:07 | Build | Farm |
| 13:12 | Build | Farm |
| 13:29 | Research | Castle Age |
| 14:13 | Build | Barracks |
| 14:33 | Research | Double-Bit Axe |
| 15:03 | Research | Horse Collar |
| 15:12 | Build | Palisade Wall |
| 15:41 | Research | Gold Mining |
| 16:01 | Build | Stable |
| 16:04 | Research | Scale Barding Armor |
| 16:08 | Queue | Villager (Male) |
| 16:08 | Queue | Villager (Male) |
| 16:09 | Age | Castle Age |
| 17:12 | Queue | Villager (Male) |
| 17:12 | Queue | Villager (Male) |
| 17:14 | Queue | Knight |
| 17:15 | Queue | Knight |
| 17:20 | Build | Stable |
| 17:39 | Research | Chain Barding Armor |
| 18:11 | Queue | Villager (Male) |
| 18:24 | Queue | Villager (Male) |
| 18:27 | Queue | Knight |
| 18:30 | Queue | Knight |
| 18:30 | Queue | Knight |
| 18:41 | Build | Farm |
| 19:00 | Queue | Villager (Male) |
| 19:14 | Queue | Villager (Male) |
| 19:20 | Build | Farm |
| 19:25 | Build | Farm |
| 19:38 | Queue | Villager (Male) |
| 19:39 | Queue | Knight |
| 19:51 | Queue | Knight |
| 20:20 | Queue | Villager (Male) |
| 20:21 | Queue | Villager (Male) |
| 20:23 | Build | Farm |
| 20:27 | Queue | Knight |
| 20:31 | Queue | Knight |
| 20:32 | Queue | Knight |
| 20:39 | Build | Town Center |
| 20:45 | Build | Farm |
| 20:52 | Build | Farm |
| 21:01 | Queue | Knight |
| 21:02 | Queue | Villager (Male) |
| 21:09 | Queue | Knight |
| 21:43 | Research | Bloodlines |
| 22:20 | Queue | Villager (Male) |
| 22:21 | Queue | Villager (Male) |
| 22:27 | Research | Husbandry |
| 22:28 | Queue | Villager (Male) |
| 22:37 | Build | Farm |
| 22:37 | Build | Farm |
| 22:38 | Build | Farm |
| 22:38 | Build | Farm |
| 22:38 | Build | Farm |
| 22:39 | Build | Farm |
| 22:50 | Build | Farm |
| 22:52 | Queue | Villager (Male) |
| 23:26 | Queue | Villager (Male) |
| 23:27 | Research | Wheelbarrow |
| 23:28 | Queue | Villager (Male) |
| 23:35 | Build | House |
| 24:12 | Build | Outpost |
| 24:16 | Build | Mining Camp |
| 24:21 | Queue | Villager (Male) |
| 24:21 | Queue | Villager (Male) |
| 24:25 | Queue | Knight |
| 24:26 | Queue | Knight |
| 24:27 | Research | Forging |
| 24:33 | Build | Lumber Camp |
| 24:37 | Build | Farm |
| 24:55 | Research | Bow Saw |
| 25:02 | Build | Farm |
| 25:07 | Queue | Knight |
| 25:08 | Queue | Knight |
| 25:17 | Build | House |
| 25:21 | Build | House |
| 25:24 | Build | House |
| 25:32 | Build | Outpost |
| 25:37 | Research | Town Watch |
| 25:39 | Queue | Villager (Male) |
| 25:39 | Queue | Villager (Male) |
| 25:50 | Queue | Villager (Male) |
| 25:50 | Queue | Villager (Male) |
| 26:00 | Build | Outpost |
| 26:04 | Build | Outpost |
| 26:10 | Queue | Villager (Male) |
| 26:10 | Queue | Villager (Male) |
| 26:12 | Queue | Knight |
| 26:24 | Build | Gate |
| 26:27 | Build | Stone Wall |
| 26:27 | Build | Stone Wall |
| 26:33 | Queue | Villager (Male) |
| 26:33 | Queue | Villager (Male) |
| 26:34 | Queue | Knight |
| 26:34 | Queue | Knight |
| 27:03 | Queue | Villager (Male) |
Build order — Madbun
First 150 of 287 actions detected
| 0:01 | Queue | Villager (Male) |
| 0:04 | Build | House |
| 0:06 | Build | House |
| 0:12 | Queue | Villager (Male) |
| 0:12 | Queue | Villager (Male) |
| 0:13 | Queue | Villager (Male) |
| 1:41 | Queue | Villager (Male) |
| 1:41 | Queue | Villager (Male) |
| 1:41 | Queue | Villager (Male) |
| 2:04 | Build | Lumber Camp |
| 2:17 | Research | Loom |
| 2:48 | Queue | Villager (Male) |
| 2:54 | Queue | Villager (Male) |
| 2:55 | Queue | Villager (Male) |
| 3:19 | Build | House |
| 3:22 | Queue | Villager (Male) |
| 3:22 | Queue | Villager (Male) |
| 3:29 | Build | Palisade Wall |
| 3:32 | Build | Palisade Wall |
| 3:39 | Queue | Villager (Male) |
| 3:39 | Queue | Villager (Male) |
| 4:08 | Queue | Villager (Male) |
| 4:09 | Queue | Villager (Male) |
| 5:02 | Build | Mill |
| 5:07 | Queue | Villager (Male) |
| 5:07 | Queue | Villager (Male) |
| 5:23 | Queue | Villager (Male) |
| 5:47 | Queue | Villager (Male) |
| 5:47 | Queue | Villager (Male) |
| 6:11 | Queue | Villager (Male) |
| 6:12 | Queue | Villager (Male) |
| 6:12 | Queue | Villager (Male) |
| 6:38 | Build | House |
| 6:41 | Queue | Villager (Male) |
| 6:59 | Queue | Villager (Male) |
| 7:18 | Queue | Villager (Male) |
| 7:18 | Queue | Villager (Male) |
| 7:22 | Queue | Villager (Male) |
| 7:22 | Queue | Villager (Male) |
| 7:33 | Queue | Villager (Male) |
| 7:59 | Queue | Villager (Male) |
| 8:07 | Queue | Villager (Male) |
| 8:22 | Build | Barracks |
| 8:30 | Build | Farm |
| 8:37 | Build | Farm |
| 8:51 | Research | Feudal Age |
| 9:04 | Queue | Villager (Male) |
| 9:38 | Build | Palisade Wall |
| 9:57 | Build | Mining Camp |
| 11:02 | Age | Feudal Age |
| 11:04 | Queue | Villager (Male) |
| 11:10 | Queue | Villager (Male) |
| 11:16 | Build | Market |
| 11:20 | Build | Blacksmith |
| 11:41 | Build | Archery Range |
| 11:44 | Queue | Villager (Male) |
| 11:48 | Research | Double-Bit Axe |
| 12:00 | Queue | Villager (Male) |
| 12:10 | Research | Fletching |
| 12:11 | Queue | Villager (Male) |
| 12:21 | Queue | Villager (Male) |
| 12:29 | Build | Farm |
| 12:35 | Build | Stone Wall |
| 12:36 | Build | Stone Wall |
| 12:39 | Queue | Villager (Male) |
| 12:45 | Queue | Villager (Male) |
| 12:53 | Build | Farm |
| 13:13 | Build | Stone Wall |
| 13:16 | Queue | Villager (Male) |
| 13:19 | Queue | Archer ×2 |
| 13:33 | Queue | Villager (Male) |
| 13:38 | Build | Farm |
| 14:23 | Queue | Villager (Male) |
| 14:35 | Build | Farm |
| 14:36 | Build | Farm |
| 14:36 | Build | Farm |
| 14:49 | Queue | Archer |
| 14:49 | Queue | Archer |
| 15:02 | Build | House |
| 15:04 | Build | House |
| 15:05 | Build | House |
| 15:09 | Build | Farm |
| 15:22 | Build | Mill |
| 15:23 | Build | Farm |
| 15:23 | Build | Farm |
| 15:23 | Build | Farm |
| 15:23 | Build | Farm |
| 15:24 | Build | Farm |
| 15:24 | Build | Farm |
| 15:32 | Build | Farm |
| 15:34 | Research | Town Watch |
| 15:58 | Queue | Villager (Male) |
| 16:08 | Queue | Archer |
| 16:12 | Queue | Archer |
| 16:29 | Build | Gate |
| 16:31 | Queue | Villager (Male) |
| 16:56 | Research | Castle Age |
| 16:58 | Queue | Spearman |
| 16:58 | Queue | Spearman |
| 16:58 | Queue | Spearman |
| 17:14 | Build | Lumber Camp |
| 17:34 | Research | Padded Archer Armor |
| 17:37 | Queue | Archer |
| 17:37 | Queue | Archer |
| 17:44 | Build | Outpost |
| 17:48 | Queue | Villager (Male) |
| 17:57 | Queue | Villager (Male) |
| 18:22 | Queue | Villager (Male) |
| 18:23 | Queue | Villager (Male) |
| 18:23 | Build | Farm |
| 18:30 | Queue | Archer |
| 18:46 | Queue | Archer |
| 19:08 | Build | Outpost |
| 19:16 | Queue | Villager (Male) |
| 19:20 | Queue | Archer |
| 19:20 | Queue | Archer |
| 19:36 | Age | Castle Age |
| 19:46 | Queue | Villager (Male) |
| 19:46 | Queue | Villager (Male) |
| 19:50 | Research | Crossbowman (upgrade) |
| 19:52 | Research | Thumb Ring |
| 20:04 | Queue | Villager (Male) |
| 20:04 | Queue | Villager (Male) |
| 20:24 | Queue | Villager (Male) |
| 20:25 | Queue | Villager (Male) |
| 20:35 | Research | Bodkin Arrow |
| 21:04 | Build | Siege Workshop |
| 21:10 | Queue | Villager (Male) |
| 21:10 | Queue | Villager (Male) |
| 21:12 | Queue | Villager (Male) |
| 21:19 | Build | House |
| 21:20 | Build | House |
| 21:20 | Build | House |
| 21:20 | Build | House |
| 21:20 | Build | House |
| 21:23 | Queue | Villager (Male) |
| 21:23 | Queue | Villager (Male) |
| 21:28 | Queue | Archer ×5 |
| 21:55 | Build | Town Center |
| 22:02 | Queue | Villager (Male) |
| 22:02 | Queue | Villager (Male) |
| 22:19 | Queue | Archer |
| 22:20 | Queue | Spearman ×5 |
| 22:31 | Build | Siege Workshop |
| 23:13 | Build | Siege Workshop |
| 23:15 | Queue | Villager (Male) |
| 23:15 | Queue | Villager (Male) |
| 23:20 | Queue | Villager (Male) |
| 23:23 | Build | Farm |
| 23:23 | Build | Farm |
Match timeline
| 3:29 | Madbun · wall_segment Palisade Wall x2 |
| 3:32 | Madbun · wall_segment Palisade Wall x12 |
| 3:47 | Funkyton · wall_segment Palisade Wall x9 |
| 3:48 | damiansima · wall_segment Palisade Wall x2 |
| 4:30 | damiansima · wall_segment Palisade Wall x1 |
| 4:40 | Funkyton · wall_segment Palisade Wall x5 |
| 4:45 | Mike'dugai · wall_segment Palisade Wall x7 |
| 5:09 | Mashan · wall_segment Palisade Wall x7 |
| 5:30 | Mike'dugai · wall_segment Palisade Wall x11 |
| 5:56 | Funkyton · wall_segment Palisade Wall x4 |
| 6:48 | Chris · wall_segment Palisade Wall x14 |
| 7:43 | Mashan · first_building Barracks |
| 7:54 | Anoobis · first_building Barracks |
| 8:22 | Madbun · first_building Barracks |
| 8:29 | Mike'dugai · wall_segment Palisade Wall x1 |
| 8:30 | Mike'dugai · wall_segment Palisade Wall x1 |
| 8:31 | Mike'dugai · wall_segment Palisade Wall x1 |
| 8:34 | Chris · first_building Barracks |
| 9:02 | Anoobis · age_up feudal |
| 9:10 | Funkyton · wall_segment Palisade Wall x1 |
| 9:12 | Funkyton · wall_segment Palisade Wall x2 |
| 9:15 | Anoobis · first_building Archery Range |
| 9:21 | Funkyton · wall_segment Palisade Wall x1 |
| 9:28 | Mashan · age_up feudal |
| 9:38 | Mashan · first_building Stable |
| 9:38 | Madbun · wall_segment Palisade Wall x1 |
| 10:00 | Funkyton · wall_segment Palisade Wall x1 |
| 10:59 | Chris · age_up feudal |
| 11:02 | Madbun · age_up feudal |
| 11:08 | Chris · first_building Stable |
| 11:22 | damiansima · age_up feudal |
| 11:22 | Mike'dugai · age_up feudal |
| 11:23 | pEAK | beiza · first_building Barracks |
| 11:29 | Funkyton · age_up feudal |
| 11:34 | pEAK | beiza · age_up feudal |
| 11:41 | Madbun · first_building Archery Range |
| 12:13 | pEAK | beiza · first_building Archery Range |
| 12:26 | Funkyton · first_market_sell 100 wood |
| 12:35 | Madbun · wall_segment Stone Wall x1 |
| 12:36 | Madbun · wall_segment Stone Wall x1 |
| 13:13 | Madbun · wall_segment Stone Wall x11 |
| 13:34 | Chris · wall_segment Palisade Wall x3 |
| 14:13 | Mike'dugai · first_building Barracks |
| 15:12 | Mike'dugai · wall_segment Palisade Wall x1 |
| 15:13 | Funkyton · first_building Barracks |
| 15:24 | Chris · age_up castle |
| 15:45 | Funkyton · first_market_buy 100 food |
| 15:48 | Mike'dugai · first_market_buy 100 wood |
| 16:01 | Mike'dugai · first_building Stable |
| 16:07 | damiansima · age_up castle |
| 16:09 | Mike'dugai · age_up castle |
| 16:11 | Funkyton · first_building Archery Range |
| 16:24 | damiansima · first_building Castle |
| 16:44 | pEAK | beiza · age_up castle |
| 18:04 | Funkyton · first_building Stable |
| 18:30 | Funkyton · age_up castle |
| 18:32 | Mashan · age_up castle |
| 19:09 | Anoobis · first_market_buy 100 food |
| 19:36 | Madbun · age_up castle |
| 20:27 | Chris · first_building Monastery |
| 20:39 | pEAK | beiza · first_building Castle |
| 20:45 | Anoobis · age_up castle |
| 21:04 | Madbun · first_building Siege Workshop |
| 22:04 | pEAK | beiza · first_building Monastery |
| 23:55 | damiansima · first_building Barracks |
| 25:12 | Anoobis · first_market_sell 100 food |
| 25:18 | damiansima · first_building Monastery |
| 25:29 | pEAK | beiza · first_building Siege Workshop |
| 25:33 | damiansima · first_building Stable |
| 26:20 | damiansima · first_market_buy 100 food |
| 26:21 | Anoobis · first_building Monastery |
| 26:27 | Mike'dugai · wall_segment Stone Wall x1 |
| 26:27 | Mike'dugai · wall_segment Stone Wall x1 |
| 28:07 | Funkyton · first_building Castle |
| 29:16 | Madbun · first_building Castle |
| 30:07 | Mashan · first_building Monastery |
| 30:40 | Chris · age_up imperial |
| 30:43 | Funkyton · wall_segment Palisade Wall x9 |
| 31:47 | Mike'dugai · first_building Castle |
| 31:50 | Anoobis · first_building Castle |
| 31:52 | Mashan · first_building Siege Workshop |
| 32:07 | Mike'dugai · first_market_sell 500 food |
| 32:33 | Chris · first_building Castle |
| 32:38 | Anoobis · age_up imperial |
| 33:03 | Mike'dugai · tribute_sent a jugador 1 |
| 33:03 | Mike'dugai · tribute_sent a jugador 2 |
| 33:03 | Mike'dugai · tribute_sent a jugador 3 |
| 33:03 | Mike'dugai · tribute_sent a jugador 4 |
| 33:03 | Mike'dugai · tribute_sent a jugador 5 |
| 33:03 | Mike'dugai · tribute_sent a jugador 7 |
| 33:03 | Mike'dugai · tribute_sent a jugador 8 |
| 33:30 | Chris · first_building Siege Workshop |
| 33:41 | Madbun · first_building Stable |
| 34:16 | Mashan · age_up imperial |
| 34:48 | Anoobis · wall_segment Stone Wall x5 |
| 34:48 | Funkyton · first_building Monastery |
| 36:05 | Funkyton · age_up imperial |
| 36:26 | Chris · resign |
[ AI ANALYSIS · 1 CREDIT ]
What really happened in this match?
Wolo.gg analyzes every decision: build order, eco, micro, common mistakes by bracket. Personalized analysis on WhatsApp or Discord in 30 seconds.
Civ guide
Turks
Perfil
Jugador #582668